 Dungeon Crawl Stone Soup version 0.31-a0-152-g6aa68a64a1 (webtiles) character file.

Game seed: 16176309658603542406

130 qw the Shooter (level 5, -2/43 (49) HPs)
             Began as a Naga Hunter on June 9, 2023.
             Slain by a wight
             ... wielding a +0 halberd
              (4 damage)
             ... on level 4 of the Dungeon.
             The game lasted 00:00:55 (2585 turns).

qw the Shooter (Naga Hunter)                        Turns: 2585, Time: 00:00:55

HP:   -2/43 (49)    AC:  4    Str:  9    XL:     5   Next: 13%
MP:   5/5           EV:  9    Int: 12    God:
Gold: 98            SH:  0    Dex: 17    Spells: 4/4 levels left

rFire   + . .        b - +0 arbalest
rCold   + . .        (shield currently unavailable)
rNeg    . . .        c - +0 leather armour
rPois   +            (no helmet)
rElec   .            (no cloak)
rCorr   .            e - +0 pair of gloves
SInv    +            (no barding)
Will    .....        (no amulet)
Stlth   ++           h - ring of protection from fire
HPRegen 0.27/turn    a - ring "Hopnoker" {rC+ Str-4 Int+3 SInv}
MPRegen 0.09/turn

%: no passive effects
@: heavily drained, very slow
A: AC +1, large, see invisible, deformed body, poison resistance, slowness 2,
spit poison 1, naga tail 1
a: Spit Poison


You were on level 4 of the Dungeon.
You visited 1 branch of the dungeon, and saw 4 of its levels.

You collected 160 gold pieces.
You spent 62 gold pieces at shops.


Innate Abilities, Weirdness & Mutations

Your serpentine skin is tough. (AC +1)
You have supernaturally acute eyesight. (SInv)
Armour fits poorly on your strangely shaped body.
Your system is resistant to poisons. (rPois)
You cover ground very slowly.
You can spit poison.
You have a snake-like lower body.


   Skills:
 - Level 3.3 Fighting
 + Level 5.1 Ranged Weapons
 - Level 1.5 Dodging
 - Level 1.5 Stealth


You had 4 spell levels left.
You didn't know any spells.
Your spell library was empty.

Inventory:

Hand Weapons
 b - a +0 arbalest (weapon)
Armour
 c - a +0 leather armour (worn)
 e - a +0 pair of gloves (worn)
Jewellery
 a - the ring "Hopnoker" (right hand) {rC+ Str-4 Int+3 SInv}
   (You acquired it on level 2 of the Dungeon)

   [ring of protection from cold]

   Str:       It affects your strength (-4).
   Int:       It affects your intelligence (+3).
   rC:        It protects you from cold.
   SInv:      It lets you see invisible.
 h - a ring of protection from fire (left hand)
Scrolls
 f - a scroll of identify
Potions
 d - 2 potions of curing
 g - a potion of mutation
 i - a potion of lignification

Dungeon Overview and Level Annotations

Branches:
Dungeon (4/15)
 Temple: D:4-7

Altars:

Shops:
D:2 *==

Annotations:
D:4 3 runed translucent doors, exclusion: wight


Message History

Enter note: You shoot a bolt.
The bolt hits the endoplasm!
You kill the endoplasm!
An orc comes into view. It is wielding a +0 flail.
Enter note:
Enter note:
Enter note:
Enter note: You shoot a bolt.
The bolt hits the orc!!
You kill the orc!
A wight comes into view. It is wielding a +0 halberd.
You shoot a bolt. The bolt closely misses the wight.
You shoot a bolt. The bolt hits the wight.
The wight is moderately damaged.
The wight closely misses you.
The wight hits you from afar with a +0 halberd!
You shoot a bolt. The bolt barely misses the wight.
The wight hits you from afar with a +0 halberd.
You feel drained. The wight barely misses you.
You shoot a bolt. The bolt barely misses the wight.
The wight hits you from afar with a +0 halberd.
The wight barely misses you.
You shoot a bolt. The bolt closely misses the wight.
The wight barely misses you.
You shoot a bolt.
The bolt hits the wight but does no damage.
The wight is moderately damaged.
The wight hits you from afar with a +0 halberd!
You feel drained.
The wight hits you from afar with a +0 halberd!
You feel drained.
Enter note:
Enter note:
Enter note:
2585 ||| READING 2 scrolls of identify.
As you read the scroll of identify, it crumbles to dust.
i - a potion of lignification;
2585 ||| IDENTIFYING fizzy brown potion The wight hits you from afar with a +0 halberd!
You feel drained.
You die...

##.........#
##.........##
#...........# .
.......^....## .)
.............## ...
##............# ....
##............#####..#..
#.............##.)z...#
#...............@#
#..............#######
##..........:### #...#
#............# #.....
####......#..##.......
##...#####...........
##...## ##..........
##...## #..........
#...####### ##.........


You could see a wight.

Vanquished Creatures
  A sleepcap (D:4)
  3 adders
  A dart slug (D:4)
  9 orcs
  4 endoplasms
  4 giant cockroaches
  5 goblins
  5 hobgoblins
  4 jackals (D:4)
  5 quokkas
  2 ball pythons
  5 bats
  3 frilled lizards
  5 kobolds
  6 rats
62 creatures vanquished.

Notes
Turn   | Place    | Note
-------+----------+-------------------------------------------
     0 | D:1      | qw the Naga Hunter began the quest for the Orb.
     0 | D:1      | Reached XP level 1. HP: 19/19 MP: 1/1
     0 | D:1      | 0 ||| qw: Version: 0.2-a-122-gbc61b45
     0 | D:1      | 0 ||| qw: Game counter: 3478
     0 | D:1      | 0 ||| qw: Always use a shield: true
     0 | D:1      | 0 ||| qw: God list: Okawaru
     0 | D:1      | 0 ||| qw: Allow faded altars: false
     0 | D:1      | 0 ||| qw: Do Orc after D:15 true
     0 | D:1      | 0 ||| qw: Do second Lair branch before Depths: true
     0 | D:1      | 0 ||| qw: Lair rune preference: random
     0 | D:1      | 0 ||| qw: Plans: Normal
     0 | D:1      | 0 ||| PLANNING D:1-11
    26 | D:1      | 26 ||| INVOKING Spit Poison.
    73 | D:1      | 73 ||| INVOKING Spit Poison.
    94 | D:1      | 94 ||| INVOKING Spit Poison.
   101 | D:1      | 101 ||| INVOKING Spit Poison.
   107 | D:1      | 107 ||| INVOKING Spit Poison.
   156 | D:1      | 156 ||| INVOKING Spit Poison.
   158 | D:1      | Reached skill level 4 in Ranged Weapons
   158 | D:1      | Reached XP level 2. HP: 26/26 MP: 2/2
   185 | D:1      | 185 ||| INVOKING Spit Poison.
   186 | D:1      | 186 ||| INVOKING Spit Poison.
   229 | D:1      | 229 ||| INVOKING Spit Poison.
   352 | D:1      | 352 ||| INVOKING Spit Poison.
   634 | D:1      | 634 ||| UPGRADING to ring of protection from fire.
   635 | D:1      | 635 ||| DROPPING +6 ring of intelligence.
   636 | D:1      | 636 ||| DROPPING ring of wizardry.
   637 | D:1      | 637 ||| READING scroll labelled VEELIPR LIACADAUL.
   638 | D:1      | 638 ||| READING 2 scrolls labelled REIRIN OFRICW.
   639 | D:1      | 639 ||| READING scroll labelled ONYARE MOEL.
   640 | D:1      | 640 ||| READING scroll labelled NIFIBBENWU.
   641 | D:1      | 641 ||| DRINKING 3 inky potions.
   642 | D:1      | 642 ||| DROPPING scroll of butterflies.
   643 | D:1      | 643 ||| DROPPING 2 potions of enlightenment.
   715 | D:2      | 715 ||| INVOKING Spit Poison.
   754 | D:2      | 754 ||| INVOKING Spit Poison.
   757 | D:2      | 757 ||| INVOKING Spit Poison.
   762 | D:2      | 762 ||| INVOKING Spit Poison.
   800 | D:2      | 800 ||| INVOKING Spit Poison.
   801 | D:2      | 801 ||| INVOKING Spit Poison.
   804 | D:2      | 804 ||| INVOKING Spit Poison.
   807 | D:2      | 807 ||| INVOKING Spit Poison.
   840 | D:2      | 840 ||| INVOKING Spit Poison.
   853 | D:2      | 853 ||| INVOKING Spit Poison.
   857 | D:2      | Reached XP level 3. HP: 29/32 MP: 3/3
   879 | D:2      | Found a faded altar of an unknown god.
   965 | D:2      | 965 ||| INVOKING Spit Poison.
   976 | D:2      | 976 ||| INVOKING Spit Poison.
  1012 | D:2      | 1012 ||| INVOKING Spit Poison.
  1024 | D:2      | Found Wuurph's Jewellery Shop.
  1031 | D:2      | 1031 ||| SHOPLISTING +4 ring of protection (360 gold, have
                  | 42).
  1031 | D:2      | 1031 ||| SHOPLISTING +5 ring of evasion (360 gold, have
                  | 42).
  1031 | D:2      | 1031 ||| SHOPLISTING amulet of regeneration (300 gold, have
                  | 42).
  1031 | D:2      | 1031 ||| SHOPLISTING amulet of the acrobat (300 gold, have
                  | 42).
  1031 | D:2      | 1031 ||| SHOPLISTING ring of ice (250 gold, have 42).
  1031 | D:2      | 1031 ||| SHOPLISTING ring of willpower (250 gold, have 42).
  1055 | D:2      | 1055 ||| INVOKING Spit Poison.
  1057 | D:2      | Found Bang's Jewellery Shoppe.
  1070 | D:2      | 1070 ||| SHOPLISTING +5 ring of evasion (432 gold, have
                  | 42).
  1070 | D:2      | 1070 ||| SHOPLISTING amulet "Jon Vini" {Reflect Fragile
                  | rC+++ Slay+2 SH+5} (897 gold, have 42).
  1070 | D:2      | 1070 ||| SHOPLISTING ring of fire (300 gold, have 42).
  1070 | D:2      | 1070 ||| SHOPLISTING ring of protection from fire (300
                  | gold, have 42).
  1157 | D:2      | 1157 ||| INVOKING Spit Poison.
  1206 | D:2      | 1206 ||| INVOKING Spit Poison.
  1212 | D:2      | Found Xiffopisch's Assorted Antiques.
  1263 | D:2      | 1263 ||| INVOKING Spit Poison.
  1289 | D:2      | 1289 ||| SHOPLISTING 3 scrolls of identify (96 gold, have
                  | 74).
  1289 | D:2      | 1289 ||| BUYING red potion (14 gold).
  1289 | D:2      | Bought a red potion for 14 gold pieces
  1289 | D:2      | 1289 ||| BUYING scroll labelled XAGGOS TECWA (16 gold).
  1289 | D:2      | Bought a scroll labelled XAGGOS TECWA for 16 gold pieces
  1289 | D:2      | 1289 ||| BUYING scroll of identify (32 gold).
  1289 | D:2      | Bought a scroll of identify for 32 gold pieces
  1289 | D:2      | 1289 ||| SHOPLISTING scroll of identify (32 gold, have 12).
  1306 | D:2      | 1306 ||| INVOKING Spit Poison.
  1454 | D:2      | 1454 ||| READING scroll labelled HYRENTEASU.
  1455 | D:2      | 1455 ||| READING scroll labelled BAID ZETAAZUWN.
  1456 | D:2      | 1456 ||| READING scroll labelled XAGGOS TECWA.
  1456 | D:2      | 1456 ||| ACQUIRING ring "Hopnoker" {rC+ Str-4 Int+3 SInv}
  1456 | D:2      | Acquired the ring "Hopnoker" {rC+ Str-4 Int+3 SInv}
  1458 | D:2      | 1458 ||| UPGRADING to ring "Hopnoker" {rC+ Str-4 Int+3
                  | SInv}.
  1459 | D:2      | 1459 ||| READING 2 scrolls of identify.
  1459 | D:2      | 1459 ||| IDENTIFYING red potion
  1607 | D:3      | 1607 ||| INVOKING Spit Poison.
  1611 | D:3      | 1611 ||| INVOKING Spit Poison.
  1614 | D:3      | 1614 ||| INVOKING Spit Poison.
  1620 | D:3      | 1620 ||| INVOKING Spit Poison.
  1629 | D:3      | 1629 ||| INVOKING Spit Poison.
  1722 | D:3      | Reached skill level 5 in Ranged Weapons
  1722 | D:3      | Reached XP level 4. HP: 39/39 MP: 4/4
  1729 | D:3      | 1729 ||| INVOKING Spit Poison.
  2097 | D:3      | 2097 ||| UPGRADING to +0 pair of gloves.
  2102 | D:3      | 2102 ||| READING 2 scrolls labelled SESSUD ERHAN.
  2103 | D:3      | 2103 ||| READING 2 scrolls of identify.
  2103 | D:3      | 2103 ||| IDENTIFYING lumpy red potion
  2104 | D:3      | 2104 ||| DROPPING scroll of amnesia.
  2118 | D:4      | 2118 ||| INVOKING Spit Poison.
  2136 | D:4      | 2136 ||| INVOKING Spit Poison.
  2142 | D:4      | 2142 ||| INVOKING Spit Poison.
  2148 | D:4      | 2148 ||| INVOKING Spit Poison.
  2209 | D:4      | 2209 ||| READING scroll of enchant weapon.
  2209 | D:4      | 2209 ||| ENCHANTING +1 shortbow.
  2290 | D:4      | Found a runed translucent gate.
  2291 | D:4      | Found a runed translucent gate.
  2292 | D:4      | Found a runed translucent gate.
  2308 | D:4      | 2308 ||| INVOKING Spit Poison.
  2321 | D:4      | 2321 ||| INVOKING Spit Poison.
  2324 | D:4      | 2324 ||| INVOKING Spit Poison.
  2335 | D:4      | Reached skill level 3 in Fighting
  2335 | D:4      | 2335 ||| INVOKING Spit Poison.
  2340 | D:4      | Reached XP level 5. HP: 46/49 MP: 5/5
  2392 | D:4      | 2392 ||| SWAPPING to +0 arbalest.
  2393 | D:4      | 2393 ||| DROPPING +2 shortbow.
  2394 | D:4      | 2394 ||| INVOKING Spit Poison.
  2398 | D:4      | 2398 ||| INVOKING Spit Poison.
  2401 | D:4      | 2401 ||| INVOKING Spit Poison.
  2405 | D:4      | 2405 ||| INVOKING Spit Poison.
  2585 | D:4      | 2585 ||| READING 2 scrolls of identify.
  2585 | D:4      | 2585 ||| IDENTIFYING fizzy brown potion
  2585 | D:4      | HP: 2/45 [wight/+0 halberd (14)]
  2585 | D:4      | Slain by a wight

Levels and vault maps discovered:
D:1:      dpeg_arrival_rooms_a, layout_basic
D:2:      layout_basic, serial_shops, nicolae_shop_peninsula,
          nicolae_shop_window_shopping, nicolae_shop_gaudy_bauble, serial_glass,
          glass_columns_a, glass_columns_a,
          shapermc_ecumenical_altar_totnotflames
D:3:      layout_rooms, minmay_misc_feat_ornament, grunt_decor_arrowhead
D:4:      layout_cave_pods, gammafunk_ghost_necromancy, grunt_tough_drop

Skill      XL: |  1  2  3  4 |
---------------+-------------+-----
Ranged Weapons | 4 5 |  5.1
Fighting       | 3 |  3.3
Dodging        | |  1.5
Stealth        | |  1.5

Action                     |  1- 3 |  4- 6 || total
---------------------------+-------+-------++-------
   Fire: Shortbow          |    65 |    41 ||   106
         Arbalest          |       |    17 ||    17
Ability: Spit Poison       |    31 |    13 ||    44
    Use: Scroll            |     8 |     4 ||    12
         Potion            |     1 |       ||     1
 Armour: Leather armour    |     7 |    16 ||    23
  Dodge: Dodged            |    20 |    22 ||    42

Table legend:
 A = Non-vault XP
 B = Vault XP
 C = Vault XP percentage of total XP
 D = Non-vault monster count
 E = Vault monster count
 F = Vault count percentage of total count
                 A         B        C        D         E       F
            +---------+---------+-------+---------+---------+-------
      Total |     186 |       0 |   0.0 |      62 |       0 |   0.0
            +---------+---------+-------+---------+---------+-------
        D:1 |      18 |       0 |   0.0 |      11 |       0 |   0.0
        D:2 |      39 |       0 |   0.0 |      17 |       0 |   0.0
        D:3 |      27 |       0 |   0.0 |      14 |       0 |   0.0
        D:4 |     102 |       0 |   0.0 |      20 |       0 |   0.0
            +---------+---------+-------+---------+---------+-------
